 Dungeon Crawl Stone Soup version 0.14-a0-1844-g8283a67 (webtiles) character file.

419 HollowCharge the Skirmisher (level 6, 0/39 HPs)
             Began as a Tengu Fighter on Jan 11, 2014.
             Was a Follower of Zin.
             Slain by an ogre
             ... wielding a +0,+0 giant club
              (24 damage)
             ... on Level 4 of the Dungeon.
             The game lasted 00:13:15 (2427 turns).

HollowCharge the Skirmisher (Tengu Fighter)         Turns: 2427, Time: 00:13:15

HP   0/39        AC  8     Str 17      XL: 6   Next: 30%
MP   8/8         EV  6     Int  8      God: Zin [*.....]
Gold 132         SH 19     Dex 15      Spells:  0 memorised,  5 levels left

rFire  . . .     SeeInvis .     a - +1,+0 falchion
rCold  . . .     Clarity  .     b - +0 scale mail
rNeg   . . .     Conserve .     c - +0 shield
rPois  .         rCorr    .     (helmet restricted)
rElec  .         rRot     .     (no cloak)
SustAb . .       Spirit   .     l - +0 pair of gloves
rMut   .         Warding  .     (boots unavailable)
Saprov . . .     Stasis   .     (no amulet)
                                (no ring)
                                (no ring)

@: slightly resistant to hostile enchantments, extremely unstealthy
A: able to fly, beak, talons 3
a: Fly, Recite, Renounce Religion


You were on level 4 of the Dungeon.
You worshipped Zin.
Zin was aware of your devotion.
You were very hungry.

You visited 1 branch of the dungeon, and saw 4 of its levels.

You collected 146 gold pieces.
You donated 14 gold pieces.

Inventory:

Hand weapons
 a - a +1,+0 falchion (weapon)
Armour
 b - a +0 scale mail (worn)
 c - a +0 shield (worn)
 l - a +0 pair of gloves (worn)
Comestibles
 d - 5 bread rations
 o - a choko
Scrolls
 i - a scroll of curse weapon {unknown}
 j - a scroll of identify
 k - a scroll of curse armour
 m - a scroll of magic mapping
Jewellery
 f - an uncursed ring of magical power {unknown}
Potions
 e - a potion of curing
 g - a potion of resistance
 h - a potion of speed {unknown}
 n - a potion of lignification {unknown}
 p - a potion of degeneration {unknown}


   Skills:
 * Level 4.6 Fighting
 * Level 4.2 Long Blades
 + Level 4.3 Armour
 + Level 3.8 Shields


You had 5 spell levels left.
You didn't know any spells.

Dungeon Overview and Level Annotations

Branches:
Dungeon (4/16)
 Temple: D:4-7

Altars:
Fedhas
Kikubaaqudgha
Zin

Annotations:
D:3 Grinder


Innate Abilities, Weirdness & Mutations

You can fly.
You have a beak for a mouth.
You have claws for feet.


Message History

You block the hobgoblin skeleton's attack.
You are feeling very hungry.
There is a stone staircase leading up here.
You hit the hobgoblin skeleton.
You claw the hobgoblin skeleton, but do no damage.
The hobgoblin skeleton hits you.
You hit the hobgoblin skeleton. You claw the hobgoblin skeleton.
You destroy the hobgoblin skeleton!
You slash the ogre!
The ogre is moderately wounded.
The ogre hits you with a giant club!
Ouch! That really hurt!
You feel much better. The ogre hits you with a giant club!
You slash the ogre! You claw the ogre. You peck the ogre.
The ogre is heavily wounded.
You hit the ogre. Your kick misses the ogre.
The ogre is severely wounded.
The ogre hits you with a giant club!
Ouch! That really hurt!
You die...

..........##
...........#
........).##
..........###
.........O..##
.........#.#.#
..........#.<###
..............<###
......##.....#.#@#
.......##.....#O##
......##..#.##.##
........#.#.#..#
.......#.#.#####
...)...#..##
.......#.#.#
....)######.#
...#..#.# ##


You could see an ogre.

Vanquished Creatures
  An ogre (D:4)
  A hound (D:4)
  8 adders
  3 giant mites
  7 orcs
  4 bats
  2 giant cockroaches
  4 goblins
  10 hobgoblins
  6 jackals
  8 kobolds
  2 quokkas
  A ball python (D:3)
  4 giant geckos
  3 giant newts
  A goblin skeleton (D:4)
  A hobgoblin skeleton (D:4)
  10 rats
76 creatures vanquished.

Notes
Turn   | Place    | Note
--------------------------------------------------------------
     0 | D:1      | HollowCharge, the Tengu Fighter, began the quest for the Orb.
     0 | D:1      | Reached XP level 1. HP: 14/14 MP: 1/1
   148 | D:1      | Reached XP level 2. HP: 19/19 MP: 3/3
   366 | D:1      | Reached XP level 3. HP: 23/23 MP: 4/4
   515 | D:2      | Found an ancient bone altar of Kikubaaqudgha.
   847 | D:2      | Reached XP level 4. HP: 26/28 MP: 5/5
   855 | D:2      | Found a glowing silver altar of Zin.
   864 | D:2      | Became a worshipper of Zin the Law-Giver
  1204 | D:3      | Reached skill level 4 in Armour
  1344 | D:3      | Acquired Zin's first power
  1447 | D:3      | Reached XP level 5. HP: 25/33 MP: 7/7
  1619 | D:3      | Noticed Grinder
  1648 | D:3      | Paralysed by Grinder for 7 turns
  2183 | D:4      | Found a blossoming altar of Fedhas.
  2266 | D:4      | Noticed an ogre
  2280 | D:4      | Killed an ogre
  2280 | D:4      | Reached XP level 6. HP: 25/39 MP: 8/8
  2394 | D:4      | Noticed an ogre
  2427 | D:4      | Slain by an ogre

Action                   |  1- 3 |  4- 6 || total
-------------------------+-------+-------++-------
Melee: Falchion          |    68 |   126 ||   194
  Use: Scroll            |     1 |     6 ||     7
       Potion            |       |     1 ||     1
